 Dungeon Crawl Stone Soup version 0.17-a0-1769-g54adf96 (webtiles) character file.

109 TruthSerum the Cudgeler (level 4, 0/50 HPs)
             Began as an Ogre Gladiator on Sept 8, 2015.
             Succumbed to a kobold's poison
             ... on level 3 of the Dungeon.
             The game lasted 00:04:51 (1430 turns).

TruthSerum the Cudgeler (Ogre Gladiator)            Turns: 1430, Time: 00:04:51

Health: 0/50       AC:  3    Str: 20    XL:     4   Next: 89%
Magic:  4/4        EV: 10    Int:  7    God:
Gold:   116        SH:  0    Dex: 11    Spells: 0 memorised, 3 levels left

rFire  . . .     SeeInvis .     a - +0 flail
rCold  . . .     Clarity  .     b - +0 robe
rNeg   . . .     SustAt   .     (no shield)
rPois  .         Gourm    .     c - +0 hat
rElec  .         Spirit   .     (no cloak)
rCorr  .         Warding  .     (gloves unavailable)
rMut   .         Stasis   .     (boots unavailable)
MR     .....                    (no amulet)
Stlth  +.........               (no ring)
                                (no ring)

@: lethally poisoned (0 -> -4), flying, not resistant to hostile enchantments,
very unstealthy
A: unfitting armour, tough skin 1
a: no special abilities


You were on level 3 of the Dungeon.
You were hungry.

You visited 1 branch of the dungeon, and saw 3 of its levels.

You collected 116 gold pieces.

Inventory:

Hand weapons
 a - a +0 flail (weapon)
Missiles
 d - 4 throwing nets (quivered)
Armour
 b - a +0 robe (worn)
 c - a +0 hat (worn)
Scrolls
 f - 2 scrolls of identify {unknown}
 k - 2 scrolls of recharging {unknown}
 l - 2 scrolls of remove curse {unknown}
 m - a scroll of enchant armour {unknown}
Comestibles
 e - 6 bread rations
 j - 2 beef jerkies


   Skills:
 + Level 5.0 Fighting
 + Level 5.7 Maces & Flails
 - Level 2.1 Throwing
 - Level 2.6 Dodging


You had 3 spell levels left.
You didn't know any spells.

Dungeon Overview and Level Annotations

Branches:
Dungeon (3/15)

Altars:


Innate Abilities, Weirdness & Mutations

You are too large for most types of armour.
You have tough skin (AC +1).


Message History

* * * LOW HITPOINT WARNING * * *
You feel sick.
You enter the shallow water.
Moving in this stuff is going to be slow.
* * * LOW HITPOINT WARNING * * *
You feel sick.
Items here: ( )) † an uncursed club; an uncursed blowgun; 12 poisoned needles; a kobold corpse It was a potion of flight.
You feel very buoyant.
You fly up into the air.
* * * LOW HITPOINT WARNING * * *
You feel sick.
You hit the plant.
The plant is lightly damaged.
* * * LOW HITPOINT WARNING * * *
You feel sick.
You hit the plant but do no damage.
The plant is lightly damaged.
You die...

≈≈≈≈≈≈≈
..≈♣P≈≈♣≈≈≈≈≈≈≈≈≈≈≈≈≈≈
≈♣≈≈≈P≈≈≈≈≈≈≈≈≈≈≈≈≈≈≈
♣♣≈≈≈≈♣≈≈≈≈≈≈≈≈≈≈≈≈≈≈P
♣≈≈≈≈≈≈≈≈≈≈≈≈≈≈≈≈≈≈≈≈≈
♣♣≈≈PP≈≈P≈≈≈≈≈≈≈≈≈≈≈≈≈ .
#≈≈≈≈≈≈≈≈≈≈≈≈≈≈≈≈≈≈≈P≈ #.
#.P♣≈P≈≈P≈≈≈≈≈≈≈≈≈≈≈≈≈
..##.♣≈♣@P≈≈≈≈≈≈≈≈≈≈PP≈≈≈
...#≈♣)♣♣≈≈≈≈≈≈≈≈♣≈≈P♣♣ #.
##.#..≈♣♣≈≈≈♣≈ ♣♣♣≈≈≈≈♣
#.##...(###.>≈♣ P≈♣≈♣##.#
#......)....# #.#.# #..
####..(.###.######.#.###<#
#.P≈≈..# #..#≈PPP.#..##.#
#.P≈P≈.###....≈≈P.##.##..
#)≈≈≈.......≈≈PP..##.##.#


There were no monsters in sight!

Vanquished Creatures
  Terence (D:2)
  3 adders
  An ooze (D:1)
  2 worms
  2 bat skeletons (D:2)
  5 giant cockroaches
  7 goblins
  6 hobgoblins
  3 jackals (D:1)
  2 bats (D:1)
  A giant newt (D:2)
  9 kobolds
  A quokka skeleton (D:2)
  3 rats
46 creatures vanquished.

Notes
Turn   | Place    | Note
--------------------------------------------------------------
     0 | D:1      | TruthSerum the Ogre Gladiator began the quest for the Orb.
     0 | D:1      | Reached XP level 1. HP: 22/22 MP: 1/1
    90 | D:1      | Reached XP level 2. HP: 13/31 MP: 2/2
   420 | D:1      | Reached XP level 3. HP: 32/39 MP: 3/3
   805 | D:2      | Reached skill level 5 in Maces & Flails
   901 | D:2      | Noticed Terence
   914 | D:2      | Killed Terence
   914 | D:2      | Reached XP level 4. HP: 26/49 MP: 4/4
  1384 | D:3      | Reached skill level 5 in Fighting
  1427 | D:3      | HP: 2/50 [poisoned by a kobold]
  1430 | D:3      | Succumbed to a kobold's poison

Vault maps used:
D:1:      dpeg_arrival_ternary, minivault_23, hex_tiny
D:2:      serial_undead, serial_undead_b, serial_undead_e, serial_undead_a,
          serial_undead_f, corexii_corridor_pit, minmay_misc_feat_x,
          uniq_terence
D:3:      lemuel_round_altar, serial_bayou, serial_bayou_lagoon_a,
          serial_bayou_lake_a, serial_bayou_pond_c, serial_bayou_pond_e,
          supply_closet_lemuel, cheibrodos_ashenzari_chains, uniq_natasha

Action                   |  1- 3 |  4- 6 || total
-------------------------+-------+-------++-------
Melee: Flail             |    83 |    52 ||   135
  Use: Potion            |       |     2 ||     2
  Eat: Chunk             |       |     1 ||     1
